 Dungeon Crawl Stone Soup version 0.30-a0-149-g7f746667c4 (webtiles) character file.

Game seed: 11152148971866724754

69 qw the Chopper (level 4, -5/28 HPs)
             Began as a Gargoyle Fighter on Sept 26, 2022.
             Slain by a goblin
             ... wielding a +0 scimitar
              (7 damage)
             ... on level 2 of the Dungeon.
             The game lasted 00:00:37 (1946 turns).

qw the Chopper (Gargoyle Fighter)                   Turns: 1946, Time: 00:00:38

Health: -5/28      AC: 15    Str: 22    XL:     4   Next: 20%
Magic:  4/4        EV:  3    Int:  8    God:
Gold:   57         SH:  0    Dex:  9    Spells: 3/3 levels left

rFire   . . .      SeeInvis .    Y - +0 war axe
rCold   . . .      Faith    .    c - +0 buckler
rNeg    + . .      Spirit   .    h - +0 plate armour
rPois   inf        Reflect  .    (no helmet)
rElec   +          Harm     .    (no cloak)
rCorr   .          Rampage  .    (no gloves)
Will    .....                    (no boots)
Stlth   ..........               (no amulet)
HPRegen 0.09/turn                (no ring)
MPRegen 0.09/turn                (no ring)

@: held
A: sickness immunity, AC +3, negative energy resistance 1, electricity
resistance, torment resistance 1, petrification resistance
a: no special abilities


You were on level 2 of the Dungeon.
You visited 1 branch of the dungeon, and saw 2 of its levels.

You collected 57 gold pieces.


Innate Abilities, Weirdness & Mutations

You are immune to sickness and miasma.
Your stone body is resilient. (AC +3)
You are immune to poison.
You resist negative energy. (rN+)
You are resistant to electric shocks. (rElec)
You are resistant to unholy torment.
You are immune to petrification.


   Skills:
 - Level 3.2 Fighting
 + Level 4.0 Axes
 - Level 3.2 Armour
 - Level 3.2 Shields


You had 3 spell levels left.
You didn't know any spells.
Your spell library was empty.

Inventory:

Hand Weapons
 e - a +0 whip
 Y - a +0 war axe (weapon)
Armour
 c - a +0 buckler (worn)
 h - a +0 plate armour (worn)
Scrolls
 a - a scroll of identify
Potions
 d - a potion of might
 f - 3 potions of curing
 k - a potion of berserk rage {unknown}

Dungeon Overview and Level Annotations

Branches:
Dungeon (2/15)

Altars:


Message History

A goblin comes into view. It is wielding a +0 dagger.
You closely miss the goblin. The goblin barely misses you.
You hit the goblin.
The goblin is heavily wounded.
You block the goblin's attack. The goblin hits you but does no damage.
You hit the goblin.
The goblin is severely wounded.
The goblin hits you but does no damage.
You slash the goblin!
You kill the goblin!
Your Axes skill increases to level 4!
A rat and 2 gnolls come into view.
The gnoll shouts!
The goblin shouts!
You hear a shout!
You hear an angry hiss.
A gnoll comes into view. It is wielding a +0 whip.
The rat moves out of view.
You hear an angry hiss.
1939 ||| Stepping ~*~*~tactically~*~*~ (hiding).
You start waiting.
A gnoll is nearby!
The gnoll hits you from afar with a +0 halberd.
Things that are here:
a +0 dagger; a goblin corpse An adder comes into view.
The adder hisses angrily.
The gnoll hits you with a +0 halberd.
A quokka comes into view.
You barely miss the gnoll. The gnoll hits you but does no damage.
The gnoll hits you with a +0 halberd!
You hit the gnoll but do no damage. The gnoll hits you with a +0 halberd.
You completely miss the gnoll. You miss the adder.
You block the adder's attack.
The gnoll throws a throwing net.
The throwing net hits you.
You become entangled in the net!
The gnoll hits you with a +0 halberd! The adder bites you but does no damage.
You struggle against the net.
The adder bites you but does no damage.
The gnoll hits you from afar with a +0 spear.
The gnoll barely misses you. The goblin hits you with a +0 scimitar!
You die...

##### ## ### ....# ..
#.. ....# #.#.. #.
....# #...# . ....#
.r.##.##. ..###
##Sgg..... ....#
#.@##... .#..###
#####g#.g.# .#%...##
#.....#.#.#
.%.....####%####...?#
.#..........## #...##
.###.....#.>.# ...##
.# ###.#.<##...##.#
># #.#..# ....... ##
#.#..# #.......


You could see 3 gnolls, an adder, a quokka and a goblin.

Vanquished Creatures
  A gnoll (D:1)
  An adder (D:1)
  A dart slug (D:1)
  6 ball pythons (D:1)
  6 endoplasms
  3 giant cockroaches (D:1)
  6 goblins
  6 hobgoblins
  3 quokkas
  2 bats (D:1)
  4 frilled lizards
  3 kobolds (D:1)
42 creatures vanquished.

Notes
Turn   | Place    | Note
-------+----------+-------------------------------------------
     0 | D:1      | qw the Gargoyle Fighter began the quest for the Orb.
     0 | D:1      | Reached XP level 1. HP: 14/14 MP: 1/1
     0 | D:1      | 0 ||| qw: Version: 0.2-a-10-g399e6c4
     0 | D:1      | 0 ||| qw: Game counter: 532
     0 | D:1      | 0 ||| qw: Always use a shield: true
     0 | D:1      | 0 ||| qw: God list: Okawaru
     0 | D:1      | 0 ||| qw: Allow faded altars: false
     0 | D:1      | 0 ||| qw: Do Orc after D:15 true
     0 | D:1      | 0 ||| qw: Do second Lair branch before Depths: true
     0 | D:1      | 0 ||| qw: Lair rune preference: random
     0 | D:1      | 0 ||| qw: Plans: Normal, Zot:1-4, God:TSO, Crypt, Tomb,
                  | Pan, Slime:5, Hells, Abyss, Orb
     0 | D:1      | 0 ||| PLANNING D:1-11
   204 | D:1      | Reached skill level 2 in Axes
   371 | D:1      | Reached XP level 2. HP: 19/19 MP: 2/2
   557 | D:1      | Reached skill level 3 in Axes
   712 | D:1      | Reached XP level 3. HP: 23/23 MP: 3/3
   835 | D:1      | 835 ||| Stepping ~*~*~tactically~*~*~ (hiding).
  1548 | D:1      | Found a faded altar of an unknown god.
  1679 | D:1      | 1679 ||| UPGRADING to +0 plate armour.
  1689 | D:1      | 1689 ||| DROPPING +0 scale mail.
  1690 | D:1      | 1690 ||| READING 2 scrolls labelled NIYQEA BABE.
  1691 | D:1      | 1691 ||| READING scroll labelled ZIKHIH INOTU.
  1692 | D:1      | 1692 ||| READING scroll labelled NEGEEL LOAMUOCI.
  1741 | D:1      | 1741 ||| DRINKING 3 fuming amethyst potions.
  1791 | D:2      | 1791 ||| STAIRDANCE
  1797 | D:1      | Reached XP level 4. HP: 23/28 MP: 4/4
  1869 | D:2      | 1869 ||| Stepping ~*~*~tactically~*~*~ (stealth).
  1894 | D:2      | 1894 ||| Stepping ~*~*~tactically~*~*~ (stealth).
  1918 | D:2      | 1918 ||| Stepping ~*~*~tactically~*~*~ (stealth).
  1922 | D:2      | 1922 ||| Stepping ~*~*~tactically~*~*~ (stealth).
  1937 | D:2      | Reached skill level 4 in Axes
  1939 | D:2      | 1939 ||| Stepping ~*~*~tactically~*~*~ (hiding).
  1945 | D:2      | HP: 5/28 [gnoll/+0 halberd (7)]
  1946 | D:2      | HP: 2/28 [gnoll/+0 spear (3)]
  1946 | D:2      | Slain by a goblin

Levels and vault maps discovered:
D:1:      erik_arrival_cave_to_civilisation [erik_arrival_cave_to_hall],
          layout_basic, shapermc_ecumenical_altar_petra
D:2:      layout_rooms

Skill      XL: |  1  2  3  4 |
---------------+-------------+-----
Axes           | 2 3 4 |  4.0
Fighting       | |  3.2
Armour         | |  3.2
Shields        | |  3.2

Action                   |  1- 3 |  4- 6 || total
-------------------------+-------+-------++-------
Melee: War axe           |   106 |    22 ||   128
  Use: Scroll            |     3 |       ||     3
       Potion            |     1 |       ||     1
Armor: Scale mail        |    38 |       ||    38
       Plate armour      |     5 |    14 ||    19
Dodge: Dodged            |    47 |     5 ||    52
Block: Buckler           |    13 |     3 ||    16

Table legend:
 A = Non-vault XP
 B = Vault XP
 C = Vault XP percentage of total XP
 D = Non-vault monster count
 E = Vault monster count
 F = Vault count percentage of total count
                 A         B        C        D         E       F
            +---------+---------+-------+---------+---------+-------
      Total |      96 |       3 |   3.0 |      40 |       2 |   4.8
            +---------+---------+-------+---------+---------+-------
        D:1 |      82 |       3 |   3.5 |      32 |       2 |   5.9
        D:2 |      14 |       0 |   0.0 |       8 |       0 |   0.0
            +---------+---------+-------+---------+---------+-------
